 Dungeon Crawl Stone Soup version 0.28-a0-476-g0f06bd746f (webtiles) character file.

Game seed: 6469803668515784258

267 robertstho the Magician (level 6, -3/43 HPs)
             Began as a Djinni Fire Elementalist on Sept 16, 2021.
             Killed by nerve-wracking pain
             ... invoked by an orc priest
              (13 damage)
             ... on level 4 of the Dungeon.
             The game lasted 00:05:03 (3711 turns).

robertstho the Magician (Djinni Fire Elementalist)  Turns: 3711, Time: 00:05:04

Health: -3/43      AC:  4    Str:  6 (7)  XL:     6   Next: 45%
Gold:   93         EV: 12    Int: 18 (19) God:
                   SH:  0    Dex: 11 (13)

rFire   + + .      SeeInvis .   b - +1 spear (vorpal)
rCold   x . .      Faith    .   (no shield)
rNeg    . . .      Spirit   .   a - +0 robe
rPois   ∞          Reflect  .   d - +0 helmet
rElec   .          Harm     .   m - +0 cloak
rCorr   .          Rampage  .   (no gloves)
Will    .....                   (boots unavailable)
Stlth   ++........              (no amulet)
HPRegen 0.14/turn               (no ring)
MPRegen 0.00/turn               (no ring)

@: flying
A: sickness immunity, fire resistance 2, cold vulnerability 1, float, innate
caster, hp casting, extra vitality 1
a: no special abilities


You were on level 4 of the Dungeon.
You visited 1 branch of the dungeon, and saw 4 of its levels.

You collected 93 gold pieces.

Inventory:

Hand Weapons
 b - a +1 vorpal spear (weapon)
Armour
 a - a +0 robe (worn)
 d - a +0 helmet (worn)
 m - a +0 cloak (worn)
Scrolls
 e - 2 scrolls of amnesia {unknown}
 g - a scroll of teleportation {unknown}
 h - a scroll of silence {unknown}
 j - a scroll of blinking {unknown}
 o - a scroll of magic mapping {unknown}
 p - 2 scrolls of fear {unknown}
Potions
 c - a potion of heal wounds {unknown}
 f - a potion of curing {unknown}
 i - a potion of mutation {unknown}
 k - a potion of berserk rage {unknown}


   Skills:
 * Level 2.2 Fighting
 + Level 1.1 Polearms
 + Level 2.6 Dodging
 + Level 2.5 Stealth
 * Level 4.1 Spellcasting


You couldn't memorise any spells.
You knew the following spells:

 Your Spells              Type           Power      Damage    Failure   Level
a - Foxfire               Conj/Fire      72%        2x1d7     2%          1
b - Scorch                Fire           36%        2d7       4%          2
c - Conjure Flame         Conj/Fire      18%        6-21      8%          3
d - Inner Flame           Hex/Fire       18%        N/A       8%          3
e - Flame Wave            Conj/Fire      18%        3d5       26%         4
f - Beastly Appendage     Tmut           36%        N/A       2%          1
g - Poisonous Vapours     Pois/Air       36%        N/A       4%          2
Your spell library was empty.

Dungeon Overview and Level Annotations

Branches:
Dungeon (4/15)             Temple (0/1) D:4

Altars:
Hepliaklqana


Innate Abilities, Weirdness & Mutations

You are immune to sickness and miasma.
You are immune to poison.
Your flesh is very heat resistant. (rF++)
You are vulnerable to cold. (rC-)
You float through the air rather than walking.
You learn spells naturally, not from books.
Your magical power is your life essence.
You have superior vitality. (+4 HP)


Message History

You kill the orc!
* * * LOW HITPOINT WARNING * * *
Things that are here:
a +0 club; a +0 leather armour; an orc corpse
Things that are here:
a +0 hand axe of freezing; a +0 ring mail You start resting.
You hear the slow rusting of a distant drain.
You hear the slow hiss of an avalanche of sand very nearby.
There is an open door here.
You reach down and open the door.
An orc and 2 orc priests come into view.
Found 18 gold pieces.
Found a stone staircase leading down.
Casting: Scorch (safe; 3% risk of failure)
Confirm with . or Enter, or press ? or * to list all spells.
Flames lash the orc but do no damage.
The orc shouts!
* * * LOW HITPOINT WARNING * * *
The orc priest shouts!
You hit the orc but do no damage. The orc misses you.
Casting: Scorch (safe; 3% risk of failure)
Confirm with . or Enter, or press ? or * to list all spells.
Flames lash the orc priest.
The orc priest is heavily wounded.
The orc priest's fire resistance burns away.
* * * LOW HITPOINT WARNING * * *
You hear an angry hiss.
An adder comes into view.
The orc hits you with a +0 mace.
* * * LOW HITPOINT WARNING * * *
It was a potion of degeneration.
There was something very wrong with that liquid.
You feel weakened.
You feel dopey.
You feel clumsy. The orc closely misses you.
The orc priest looks satisfied for a moment.
It was a potion of flight.
You feel more buoyant.
The orc priest invokes the aid of Beogh against you.
Pain shoots through your body!
You die...

#...#...#
#.##.....##...
#...#...#
#.......... ..
#...#...#
#............
#########
#.##..........
#.##.....####.
#.##+#####
#####..#
#......#
#.o@...#
##'##.#..# .o.
###### .$..o
....S>.
.......
.......
.......


You could see 2 orc priests, an adder and an orc.

Vanquished Creatures
  Crazy Yiuf (D:2)
  Natasha (thrice) (D:2)
  Ijyb (D:4)
  4 adders
  4 gnolls (D:2)
  An ufetubus (D:2)
  A dart slug (D:1)
  4 orcs
  3 endoplasms (D:1)
  3 giant cockroaches
  8 goblins
  6 hobgoblins
  A quokka (D:1)
  6 ball pythons
  2 bats
  3 frilled lizards
  2 kobolds (D:1)
  7 rats
60 creatures vanquished.

Vanquished Creatures (others)
  63 foxfires
63 creatures vanquished.

Grand Total: 123 creatures vanquished

Notes
Turn   | Place    | Note
-------+----------+-------------------------------------------
     0 | D:1      | robertstho the Djinni Fire Elementalist began the quest for
                  | the Orb.
     0 | D:1      | Reached XP level 1. HP: 15/15 MP: 0/0
    19 | D:1      | Found a faded altar of an unknown god.
   214 | D:1      | Reached XP level 2. HP: 21/22 MP: 0/0
   275 | D:1      | Reached skill level 1 in Fighting
   806 | D:1      | Reached XP level 3. HP: 20/27 MP: 0/0
   806 | D:1      | Learned a level 1 spell: Beastly Appendage
  1334 | D:1      | Reached skill level 3 in Spellcasting
  1669 | D:2      | Reached XP level 4. HP: 29/32 MP: 0/0
  1823 | D:2      | Noticed Natasha
  1834 | D:2      | Killed Natasha
  1844 | D:2      | Noticed Natasha
  2241 | D:2      | Reached XP level 5. HP: 26/38 MP: 0/0
  2241 | D:2      | Learned a level 2 spell: Poisonous Vapours
  2504 | D:2      | Found a runed translucent door.
  2505 | D:2      | Noticed Crazy Yiuf
  2543 | D:2      | Killed Natasha
  2751 | D:2      | Noticed Natasha
  2761 | D:2      | Killed Natasha
  2918 | D:2      | Killed Crazy Yiuf
  2919 | D:2      | Reached skill level 1 in Polearms
  2919 | D:2      | Reached XP level 6. HP: 38/43 MP: 0/0
  3220 | D:3      | Reached skill level 4 in Spellcasting
  3555 | D:4      | Found a hazy altar of Hepliaklqana.
  3655 | D:4      | Found a staircase to the Ecumenical Temple.
  3673 | D:4      | Noticed Ijyb
  3679 | D:4      | Killed Ijyb
  3711 | D:4      | Killed from afar by an orc priest

Illustrated notes

Levels and vault maps discovered:
D:1:      scummos_arrival_simple_crosswalls, layout_rooms,
          hellmonk_ecumenical_altar_run_dry, serial_aquarium,
          aquarium_bridge_long_joined [aquarium_subvault_balcony,
          aquarium_subvault_wall, aquarium_subvault_wall,
          aquarium_subvault_bridge, aquarium_subvault_balcony,
          aquarium_subvault_bridge], aquarium_bridge_straight
          [aquarium_subvault_bridge, aquarium_subvault_window,
          aquarium_subvault_bridge, aquarium_subvault_window],
          aquarium_window_fake, aquarium_window_1, aquarium_window_1,
          aquarium_window_corridor_1, aquarium_view_2d, aquarium_view_2f,
          aquarium_balcony_3a, aquarium_pool_1, glass_columns_b,
          grunt_decor_clamped
D:2:      layout_basic, uniq_crazy_yiuf_cottage, uniq_natasha
D:3:      layout_basic, kennysheep_generic_room_9
D:4:      layout_gridville, okawaru_trees_2, slow_altar_1,
          nicolae_hepliaklqana_hazy_memory, minmay_temple_entry_water_ring,
          cheibrodos_sewer_entry_drain, nicolae_ossuary_entry_catacombs,
          st_stairs_11, uniq_sigmund, uniq_ijyb

Skill      XL: |  1  2  3  4  5  6 |
---------------+-------------------+-----
Fighting       | 1 2 |  2.2
Spellcasting   | 3 4 |  4.1
Stealth        | 2 |  2.5
Polearms       | 1 |  1.1
Dodging        | |  2.6

Action                   |  1- 3 |  4- 6 || total
-------------------------+-------+-------++-------
Melee: Spear             |    50 |    57 ||   107
 Cast: Foxfire           |    19 |    16 ||    35
       Scorch            |     1 |    32 ||    33
  Use: Potion            |       |     2 ||     2
 Stab: Sleeping          |     5 |     2 ||     7
Armor: Robe              |     5 |    12 ||    17
Dodge: Dodged            |    18 |    27 ||    45

Table legend: (Time is in decaauts)
 A = Elapsed time spent in this place.
 B = Non-inter-level travel time spent in this place.
 C = Inter-level travel time spent in this place.
 D = Time resting spent in this place.
 E = Time spent auto-exploring this place.
 F = Levels seen in this place.
 G = Mean time per level.
                   A        B        C        D        E       F      G
               +--------+--------+--------+--------+--------+-----+--------+
         Total |   3718 |   3586 |    132 |    287 |   2862 |   4 |  929.5 |
       Dungeon |   3718 |   3586 |    132 |    287 |   2862 |   4 |  929.5 |
               +--------+--------+--------+--------+--------+-----+--------+

Top non-repeatable levels by time:
     D:1: 1847 daAuts
     D:2: 1139 daAuts
     D:3: 557 daAuts
     D:4: 173 daAuts
